 Dungeon Crawl Stone Soup version 0.30.0-29-ga12c61a403 (webtiles) character file.

Game seed: 6052642286001511789

56 qw the Chopper (level 3, -5/23 HPs)
             Began as a Gargoyle Fighter on June 3, 2023.
             Slain by a gnoll
             ... wielding a +0 flail
              (9 damage)
             ... on level 2 of the Dungeon.
             The game lasted 00:00:28 (883 turns).

qw the Chopper (Gargoyle Fighter)                    Turns: 883, Time: 00:00:28

Health: -5/23      AC: 11    Str: 21    XL:     3   Next: 95%
Magic:  3/3        EV:  9    Int:  8    God:
Gold:   128        SH:  4    Dex:  9    Spells: 2/2 levels left

rFire   . . .        Y - +0 war axe
rCold   . . .        c - +0 buckler
rNeg    + + .        b - +0 scale mail
rPois   inf          g - +0 helmet
rElec   +            (no cloak)
rCorr   .            (no gloves)
SInv    .            (no boots)
Will    .....        (no amulet) Stlth
                     i - ring of positive energy
HPRegen 0.23/turn    (no ring)
MPRegen 0.08/turn

%: no passive effects
@: no status effects
A: sickness immunity, AC +3, negative energy resistance 1, electricity
resistance, torment resistance 1, petrification resistance
a: no special abilities


You were on level 2 of the Dungeon.
You visited 1 branch of the dungeon, and saw 2 of its levels.

You collected 128 gold pieces.


Innate Abilities, Weirdness & Mutations

You are immune to sickness and miasma.
Your stone body is resilient. (AC +3)
You are immune to poison.
You resist negative energy. (rN+)
You are resistant to electric shocks. (rElec)
You are resistant to unholy torment.
You are immune to petrification.


   Skills:
 - Level 3.2 Fighting
 + Level 3.7 Axes
 - Level 3.2 Armour
 - Level 3.2 Shields


You had 2 spell levels left.
You didn't know any spells.
Your spell library was empty.

Inventory:

Hand Weapons
 l - a +0 club
 Y - a +0 war axe (weapon)
Armour
 b - a +0 scale mail (worn)
 c - a +0 buckler (worn)
 g - a +0 helmet (worn)
Jewellery
 i - a ring of positive energy (left hand)
Potions
 d - 2 potions of might
 j - a potion of degeneration {unknown}

Dungeon Overview and Level Annotations

Branches:
Dungeon (2/15)

Altars:


Message History

The gnoll hits you from afar with a +0 halberd.
The gnoll closely misses you.
A quokka comes into view.
The gnoll hits you but does no damage.
The quokka bites you but does no damage.
You closely miss the gnoll. You barely miss the quokka.
The quokka bites you but does no damage.
The gnoll hits you but does no damage.
You barely miss the gnoll. You closely miss the quokka.
You block the quokka's attack. The gnoll hits you but does no damage.
The quokka bites you but does no damage.
You hit the gnoll.
The gnoll is lightly wounded.
You slash the quokka!
You kill the quokka!
A gnoll comes into view. It is wielding a +0 flail.
You block the gnoll's attack. The gnoll hits you but does no damage.
The gnoll shouts!
You hit the gnoll.
The gnoll is heavily wounded.
You hit the gnoll.
The gnoll is severely wounded.
You block the gnoll's attack.
You completely miss the gnoll.
The gnoll is severely wounded.
You hit the gnoll. You block the gnoll's attack. The gnoll barely misses you.
The gnoll hits you but does no damage. x2
You barely miss the gnoll.
The gnoll is severely wounded.
You hit the gnoll but do no damage. The gnoll completely misses you.
The gnoll barely misses you.
You slash the gnoll!
You kill the gnoll!
You hit the gnoll. The gnoll hits you with a +0 flail.
You completely miss the gnoll.
The gnoll is heavily wounded.
The gnoll barely misses you. The gnoll hits you with a +0 flail!
You die...

#.# ### #.# #.# #.#
# ..# #.# #.###.#
#.# #.#.#.# #.#
...#.# #.#
##.###%#.####.##
......)@)......#
......g#.###...##
.........#......#
.....#.###.#.#..####
.............#..##<#
.......#...#.#..##.#
.)..###.....%#.%##.#
...>+......#.#%.##.#
.. #####..#.%..##.#


You could see a gnoll.

Vanquished Creatures
  3 gnolls (D:2)
  3 ball pythons (D:1)
  An endoplasm (D:1)
  A giant cockroach (D:2)
  4 hobgoblins
  4 jackals (D:2)
  2 kobolds (D:1)
  A quokka (D:2)
  A bat (D:1)
  A goblin (D:1)
  4 rats
25 creatures vanquished.

Notes
Turn   | Place    | Note
-------+----------+-------------------------------------------
     0 | D:1      | qw the Gargoyle Fighter began the quest for the Orb.
     0 | D:1      | Reached XP level 1. HP: 14/14 MP: 1/1
     0 | D:1      | 0 ||| qw: Version: 0.2-a-103-g5a998e5
     0 | D:1      | 0 ||| qw: Game counter: 1028
     0 | D:1      | 0 ||| qw: Always use a shield: true
     0 | D:1      | 0 ||| qw: God list: Okawaru
     0 | D:1      | 0 ||| qw: Allow faded altars: false
     0 | D:1      | 0 ||| qw: Do Orc after D:15 true
     0 | D:1      | 0 ||| qw: Do second Lair branch before Depths: true
     0 | D:1      | 0 ||| qw: Lair rune preference: random
     0 | D:1      | 0 ||| qw: Plans: Normal, Zot:1-4, Slime:5, God:TSO, Crypt,
                  | Tomb, Pan, Hells, Abyss, Win
     0 | D:1      | 0 ||| PLANNING D:1-11
   148 | D:1      | Reached XP level 2. HP: 19/19 MP: 2/2
   645 | D:1      | 645 ||| UPGRADING to +0 helmet.
   650 | D:1      | 650 ||| UPGRADING to ring of positive energy.
   651 | D:1      | 651 ||| READING scroll labelled XIJ HYTTIBOC.
   652 | D:1      | 652 ||| READING 2 scrolls labelled CUEMUE GIZEKLY.
   653 | D:1      | 653 ||| READING scroll labelled YHEESY DUAMMAT.
   654 | D:1      | 654 ||| READING scroll labelled WUTEYXTOSCHA.
   755 | D:1      | 755 ||| DROPPING scroll of immolation.
   788 | D:2      | 788 ||| Stepping ~*~*~tactically~*~*~ (stealth).
   791 | D:2      | 791 ||| Stepping ~*~*~tactically~*~*~ (stealth).
   800 | D:2      | Reached skill level 3 in Axes
   827 | D:2      | 827 ||| Stepping ~*~*~tactically~*~*~ (stealth).
   837 | D:2      | Reached XP level 3. HP: 23/23 MP: 3/3
   860 | D:2      | 860 ||| Stepping ~*~*~tactically~*~*~ (stealth).
   861 | D:2      | 861 ||| Stepping ~*~*~tactically~*~*~ (stealth).
   862 | D:2      | 862 ||| Stepping ~*~*~tactically~*~*~ (stealth).
   864 | D:2      | 864 ||| Stepping ~*~*~tactically~*~*~ (stealth).
   865 | D:2      | 865 ||| Stepping ~*~*~tactically~*~*~ (stealth).
   873 | D:2      | HP: 3/23 [gnoll/+0 halberd (5)]
   882 | D:2      | HP: 3/23 [gnoll/+0 flail (2)]
   883 | D:2      | Slain by a gnoll

Levels and vault maps discovered:
D:1:      evilmike_arrival_fibonacci_small, layout_loops_cross, moated_statue
D:2:      minmay_general_purpose_star, layout_basic

Skill      XL: |  1  2 |
---------------+-------+-----
Axes           | 2 3 |  3.7
Fighting       | |  3.2
Armour         | |  3.2
Shields        | |  3.2

Action                     || total
---------------------------++-------
  Melee: War axe           ||    60
    Use: Scroll            ||     4
 Armour: Scale mail        ||    35
  Dodge: Dodged            ||    26
  Block: Buckler           ||    13

Table legend:
 A = Non-vault XP
 B = Vault XP
 C = Vault XP percentage of total XP
 D = Non-vault monster count
 E = Vault monster count
 F = Vault count percentage of total count
                 A         B        C        D         E       F
            +---------+---------+-------+---------+---------+-------
      Total |      80 |       0 |   0.0 |      25 |       0 |   0.0
            +---------+---------+-------+---------+---------+-------
        D:1 |      22 |       0 |   0.0 |      14 |       0 |   0.0
        D:2 |      58 |       0 |   0.0 |      11 |       0 |   0.0
            +---------+---------+-------+---------+---------+-------
